 Dungeon Crawl Stone Soup version 0.19.0-19-g8c6edcc (webtiles) character file.

8331 dysrexia the Transmogrifier (level 11, -3/70 HPs)
             Began as an Octopode Transmuter on Nov 12, 2016.
             Was a High Priest of Cheibriados.
             Slain by an eight-headed hydra (6 damage)
             ... on level 2 of the Lair of Beasts.
             The game lasted 00:40:49 (12888 turns).

dysrexia the Transmogrifier (Octopode Transmuter)  Turns: 12888, Time: 00:40:50

Health: -3/70      AC:  3    Str: 18    XL:     11   Next: 29%
Magic:  12/15      EV: 24    Int: 31    God:    Cheibriados [*****.]
Gold:   674        SH:  0    Dex: 31    Spells: 4 memorised, 3 levels left

rFire  . . .     SeeInvis .       - Unarmed
rCold  . . .     Gourm    .     (shield currently unavailable)
rNeg   . . .     Faith    .     (helmet currently unavailable)
rPois  x         Spirit   .     (no amulet)
rElec  .         Reflect  .     d - +3 ring of intelligence
rCorr  .         Harm     .     A - +1 ring of protection
MR     .....     Clarity  +     (no ring)
Stlth  ++........               (no ring)
                                (no ring)
                                (no ring)
                                (no ring)
                                (no ring)

@: spider-form, very slow
A: almost no armour, stealthy swim, (amphibious), 8 rings, (constrict 8),
(camouflage 0), clarity, deterioration 1, weak 1, (gelatinous body 0)
a: End Transformation, Bend Time, Temporal Distortion, Slouch, Step From Time,
Renounce Religion


You were on level 2 of the Lair of Beasts.
You worshipped Cheibriados.
Cheibriados was extremely pleased with you.
You were not hungry.
You were a venomous arachnid creature.
You visited 2 branches of the dungeon, and saw 10 of its levels.

You collected 674 gold pieces.

Inventory:

Missiles
 a - 62 arrows
 r - 36 stones (quivered)
Armour
 m - a +1 shield
Jewellery
 d - a +3 ring of intelligence (left front leg)
 A - a +1 ring of protection (right front leg)
Wands
 f - a wand of lightning (7/15)
 j - a wand of flame (23/48)
 o - a wand of flame (22/48)
 w - a wand of enslavement (10/24)
 z - a wand of slowing (23/48)
Scrolls
 i - 7 scrolls of remove curse
 k - a scroll of magic mapping
 v - a scroll of teleportation
Potions
 e - 6 potions of brilliance
 l - 3 potions of might
 p - a potion of invisibility
 s - 2 potions of flight
 x - a potion of magic
 B - a potion of cancellation {unknown}
 D - a potion of degeneration {unknown}
Books
 b - a book of Changes

   Spells                             Type                      Level
   a - Beastly Appendage              Transmutation                1
   b - Sticks to Snakes               Transmutation                2
   c - Spider Form                    Transmutation/Poison         3
   d - Ice Form                       Ice/Transmutation            4
   e - Blade Hands                    Transmutation                5
 t - a book of the Dragon

   Spells                             Type                      Level
   a - Flame Tongue                   Conjuration/Fire             1
   b - Cause Fear                     Hexes                        4
   c - Bolt of Fire                   Conjuration/Fire             6
   d - Dragon Form                    Transmutation                7
   e - Dragon's Call                  Summoning                    9
 F - a book of Burglary

   Spells                             Type                      Level
   a - Swiftness                      Charms/Air                   2
   b - Passwall                       Transmutation/Earth          2
   c - Passage of Golubria            Translocation                4
   d - Lee's Rapid Deconstruction     Earth                        5
   e - Darkness                       Hexes                        6
   f - Invisibility                   Hexes                        6
Comestibles
 c - 10 bread rations
 g - 2 chunks of flesh
 n - 24 fruits
 C - 2 meat rations


   Skills:
 * Level 4.6 Fighting
 + Level 3.7 Dodging
 + Level 2.4 Shields
 - Level 10.4 Unarmed Combat
 - Level 2.0 Spellcasting
 - Level 11.0 Transmutations
 - Level 3.2 Poison Magic
 + Level 5.6 Invocations


You had 3 spell levels left.
You knew the following spells:

 Your Spells              Type           Power        Failure   Level  Hunger
a - Beastly Appendage     Tmut           ######       1%          1    None
b - Sticks to Snakes      Tmut           ######..     1%          2    ##.....
c - Spider Form           Tmut/Pois      #####.....   6%          3    ###....
d - Blade Hands           Tmut           ######....   8%          5    ######.


Dungeon Overview and Level Annotations

Branches:
Dungeon (8/15)             Temple (0/1) D:5            Lair (2/6) D:8
 Shoals (0/4) Lair:2
  Snake: Lair:2-4    Spider: Lair:2-4

Altars:
Ashenzari
Cheibriados
Fedhas
Nemelex Xobeh
Ru
Sif Muna
Trog

Shops:
D:7 =

Annotations:
D:3 Frank's ghost, amateur GrGl
Lair:1 exclusion: hydra


Innate Abilities, Weirdness & Mutations

You cannot wear most types of armour.
You are very stealthy in the water. (Stealth+)
((You are amphibious.))
You can wear up to eight rings at the same time.
((You can use your tentacles to constrict eight enemies at once.))
((Your skin changes colour to match your surroundings (Stealth+).))
((Your rubbery body absorbs attacks. (AC +1, EV +1)))
You possess an exceptional clarity of mind.
Your body sometimes deteriorates upon taking damage.
You are weak. (Str -2)


Message History

The eight-headed hydra looks as sick as possible!
The eight-headed hydra is moderately wounded.
Your adder closely misses the spiny frog.
The eight-headed hydra bites you. The eight-headed hydra bites you!
The eight-headed hydra completely misses you.
The eight-headed hydra bites you! The eight-headed hydra misses you.
The eight-headed hydra bites you! The eight-headed hydra bites you.
* * * LOW HITPOINT WARNING * * *
The eight-headed hydra closely misses you.
The spiny frog stings your adder!!
Your adder dies!
You hit the eight-headed hydra.
The eight-headed hydra is moderately wounded.
The eight-headed hydra closely misses you.
The eight-headed hydra bites you.
* * * LOW HITPOINT WARNING * * *
The eight-headed hydra misses you. The eight-headed hydra bites you!
* * * LOW HITPOINT WARNING * * *
The eight-headed hydra bites you.
You die...

#...# #......#####
#...###...........
#....#............
#.................
#.................
#.................
#.#....##P.........
##DF...#####......
#s###### #÷.....
### ##÷.....
#....... ##......
#...... ##.....
#.....# ##....# ###
####...##


You could see an eight-headed hydra and a spiny frog.

Vanquished Creatures
  The ghost of feelmyfire the Infuser, a novice DECj of Vehumet (D:7)
  Joseph (D:8)
  A black mamba (Lair:1)
  Maurice (D:8)
  3 spiny frogs
  A polar bear (Lair:2)
  Prince Ribbit (D:6)
  2 hippogriffs
  2 hungry ghosts (D:8)
  Menkaure (D:6)
  3 porcupines (Lair:1)
  6 water moccasins
  An ice beast (D:4)
  A sky beast (D:4)
  2 phantoms
  4 ogres
  A wolf (Lair:1)
  2 crocodiles
  The ghost of Frank the Cudgeler, an amateur GrGl (D:4)
  2 big kobolds
  6 bullfrogs
  2 scorpions
  A water moccasin skeleton (D:6)
  12 wights
  7 killer bees (D:8)
  7 howler monkeys
  2 crimson imps (D:6)
  2 jellies
  A centaur zombie (D:8)
  2 hounds (D:6)
  4 orc priests
  A centaur skeleton (D:7)
  2 iguanas
  5 orc wizards
  12 worker ants
  A hound zombie (D:5)
  A hound skeleton (D:5)
  4 gnolls (D:6)
  15 adders
  A shadow imp (D:7)
  2 oozes
  An adder zombie (D:6)
  A dart slug (D:2)
  4 leopard geckos
  13 orcs
  6 bats
  8 giant cockroaches
  6 hobgoblins
  6 jackals
  3 quokkas
  A ball python (D:5)
  A frilled lizard (D:3)
  8 goblins
  A jackal skeleton (D:4)
  16 kobolds
  A quokka skeleton (D:7)
  A quokka zombie (D:7)
  5 rats
  2 fungi (D:8)
211 creatures vanquished.

Vanquished Creatures (collateral kills)
  A hippogriff (Lair:2)
  A porcupine (Lair:2)
  3 wolves (Lair:1)
  A crocodile (Lair:2)
  A bullfrog (Lair:2)
  A crimson imp (D:6)
  2 worms
10 creatures vanquished.

Vanquished Creatures (others)
  A kobold (D:7)
  3 fungi
  2 plants (Lair:2)
6 creatures vanquished.

Grand Total: 227 creatures vanquished

Notes
Turn   | Place    | Note
-------+----------+-------------------------------------------
     0 | D:1      | dysrexia the Octopode Transmuter began the quest for the Orb.
     0 | D:1      | Reached XP level 1. HP: 13/13 MP: 3/3
   171 | D:1      | Reached XP level 2. HP: 8/18 MP: 3/5
   178 | D:1      | Learned a level 2 spell: Sticks to Snakes
   439 | D:1      | Reached skill level 3 in Transmutations
   798 | D:1      | Reached XP level 3. HP: 18/23 MP: 4/6
  1738 | D:2      | Reached XP level 4. HP: 16/28 MP: 5/7
  1953 | D:2      | Learned a level 3 spell: Spider Form
  2417 | D:3      | You fall through a shaft for 2 floors!
  2417 | D:5      | Entered Level 5 of the Dungeon
  2506 | D:3      | Noticed Frank's ghost (amateur GrGl)
  2859 | D:3      | Reached skill level 4 in Transmutations
  3060 | D:3      | Reached XP level 5. HP: 31/33 MP: 6/8
  3087 | D:3      | Reached skill level 1 in Poison Magic
  3679 | D:4      | Noticed an ogre
  3701 | D:4      | Killed an ogre
  3701 | D:4      | Reached skill level 5 in Transmutations
  3701 | D:4      | Reached XP level 6. HP: 38/38 MP: 1/9
  3777 | D:4      | Found a sparkling altar of Nemelex Xobeh.
  4358 | D:4      | Noticed Frank's ghost (amateur GrGl)
  4378 | D:4      | Killed Frank's ghost
  4378 | D:4      | Reached XP level 7. HP: 39/43 MP: 1/10
  4631 | D:4      | Reached skill level 5 in Unarmed Combat
  4631 | D:4      | Reached skill level 6 in Transmutations
  4895 | D:4      | Found a sacrificial altar of Ru.
  4896 | D:4      | Found a blossoming altar of Fedhas.
  4896 | D:4      | Found a deep blue altar of Sif Muna.
  4896 | D:4      | Found a shattered altar of Ashenzari.
  4897 | D:4      | Found a snail-covered altar of Cheibriados.
  4898 | D:4      | Found a bloodstained altar of Trog.
  4906 | D:4      | Became a worshipper of Cheibriados the Contemplative
  5301 | D:5      | Reached * piety under Cheibriados
  5367 | D:4      | Reached skill level 7 in Transmutations
  5367 | D:4      | Reached XP level 8. HP: 48/48 MP: 6/11
  5829 | D:5      | Found a staircase to the Ecumenical Temple.
  6045 | D:6      | Reached skill level 8 in Transmutations
  6047 | D:6      | HP: 2/48 [bullfrog (3)]
  6275 | D:6      | HP: 1/48 [gnoll/halberd (13)]
  6816 | D:6      | Reached ** piety under Cheibriados
  6925 | D:6      | Reached skill level 9 in Transmutations
  6940 | D:6      | Learned a level 5 spell: Blade Hands
  6947 | D:6      | Noticed Prince Ribbit
  6961 | D:6      | Reached XP level 9. HP: 53/53 MP: 7/12
  7014 | D:6      | Killed Prince Ribbit
  7606 | D:6      | Noticed Menkaure
  7624 | D:6      | Killed Menkaure
  8069 | D:6      | Reached skill level 10 in Transmutations
  8359 | D:7      | Noticed feelmyfire's ghost (novice DECj)
  8384 | D:7      | Killed feelmyfire's ghost
  8847 | D:7      | Reached *** piety under Cheibriados
  8863 | D:7      | Reached skill level 11 in Transmutations
  8888 | D:7      | Reached XP level 10. HP: 32/58 MP: 13/13
  9220 | D:7      | Found Qaytopryi's Jewellery Emporium.
  9397 | D:8      | Reached skill level 1 in Invocations
  9537 | D:8      | Found a staircase to the Lair.
  9696 | D:8      | Reached **** piety under Cheibriados
  9950 | D:8      | Noticed Joseph
  9953 | D:8      | Noticed Maurice
  9966 | D:8      | Killed Joseph
  9969 | D:8      | HP: 1/58 [Maurice/dagger (9)]
  9984 | D:8      | Killed Maurice
  9984 | D:8      | Reached skill level 10 in Unarmed Combat
 10441 | Lair:1   | Entered Level 1 of the Lair of Beasts
 10850 | Lair:1   | Noticed a black mamba
 10920 | Lair:1   | Killed a black mamba
 11149 | Lair:1   | Noticed a spiny frog
 11293 | Lair:1   | Noticed a four-headed hydra
 11557 | Lair:1   | Reached skill level 1 in Shields
 11557 | Lair:1   | Reached XP level 11. HP: 62/67 MP: 11/14
 11577 | Lair:1   | Reached skill level 5 in Invocations
 11609 | Lair:1   | Found a shattered altar of Ashenzari.
 11986 | Lair:2   | Found a staircase to the Shoals.
 12080 | Lair:2   | Reached ***** piety under Cheibriados
 12301 | Lair:2   | Gained mutation: You possess an exceptional clarity of mind. [potion of mutation]
 12301 | Lair:2   | Gained mutation: Your body sometimes deteriorates upon taking damage. [potion of mutation]
 12301 | Lair:2   | Gained mutation: You are weak. (Str -2) [potion of mutation]
 12878 | Lair:2   | Noticed an eight-headed hydra
 12888 | Lair:2   | HP: 3/70 [eight-headed hydra (12)]
 12888 | Lair:2   | Slain by an eight-headed hydra

Skill      XL: |  1  2  3  4  5  6  7  8  9 10 11 |
---------------+----------------------------------+-----
Transmutations | 3 4 5 7 9 11 | 11.0
Unarmed Combat | 4 5 6 8 10 | 10.4
Poison Magic   | 2 3 |  3.2
Invocations    | 4 5 |  5.6
Fighting       | 3 4 |  4.6
Shields        | 1 2 |  2.4
Dodging        | 3 |  3.7
Spellcasting   | |  2.0

Action                   |  1- 3 |  4- 6 |  7- 9 | 10-12 || total
-------------------------+-------+-------+-------+-------++-------
Melee: Unarmed           |    87 |   111 |   322 |   191 ||   711
       Constrict         |    24 |    15 |    29 |    20 ||    88
       Tentacles         |    13 |     9 |    38 |    22 ||    82
       Kick              |    16 |    11 |    24 |     4 ||    55
       Punch             |     2 |     2 |     7 |     8 ||    19
Throw: Stone             |       |     2 |     9 |    14 ||    25
 Cast: Beastly Appendage |    11 |    15 |    13 |     2 ||    41
       Sticks to Snakes  |     1 |    11 |     9 |    12 ||    33
       Spider Form       |       |     4 |    24 |    15 ||    43
       Blade Hands       |       |       |       |    11 ||    11
  Use: Scroll            |     1 |     5 |     3 |     4 ||    13
       Potion            |       |       |     6 |     7 ||    13
 Stab: Distracted        |     1 |     1 |     1 |     3 ||     6
       Sleeping          |     1 |     4 |     3 |     3 ||    11
  Eat: Chunk             |     3 |     8 |    12 |     7 ||    30
       Pizza             |       |     1 |       |     1 ||     2
       Fruit             |       |       |       |     5 ||     5
       Beef jerky        |       |       |       |     1 ||     1
Armor: Skin              |     6 |     7 |     8 |    10 ||    31
Dodge: Dodged            |    54 |    50 |   226 |   166 ||   496
